 Dungeon Crawl Stone Soup version 0.30-a0-728-gc68057be0a (webtiles) character file.

Game seed: 10364099459563062443

215 DeathSun the Chopper (level 5, -9/47 HPs)
             Began as a Hill Orc Fighter on Jan 30, 2023.
             Was an Initiate of Gozag.
             Killed from afar by Dowan (23 damage)
             ... with a shard of ice
             ... on level 4 of the Dungeon.
             The game lasted 00:04:31 (2256 turns).

DeathSun the Chopper (Hill Orc Fighter)             Turns: 2256, Time: 00:04:31

Health: -9/47      AC:  8    Str: 21    XL:     5   Next: 92%
Magic:  6/6        EV:  9    Int:  8    God:    Gozag
Gold:   233        SH:  4    Dex: 10    Spells: 3/5 levels left

rFire   . . .      SeeInvis .    a - +0 war axe
rCold   . . .      Faith    .    c - +0 buckler
rNeg    . . .      Spirit   .    b - +0 scale mail
rPois   .          Reflect  .    (no helmet)
rElec   .          Harm     .    (no cloak)
rCorr   .          Rampage  .    h - +0 pair of gloves
Will    .....                    (no boots) Stlth
                                 (no amulet)
HPRegen 0.27/turn                (no ring)
MPRegen 0.10/turn                (no ring)

@: no status effects
A: no striking features
a: Renounce Religion, Potion Petition, Call Merchant, Bribe Branch


You were on level 4 of the Dungeon.
You worshipped Gozag.
Gozag was aware of your devotion.
You visited 1 branch of the dungeon, and saw 4 of its levels.

You collected 233 gold pieces.

Inventory:

Hand Weapons
 a - a +0 war axe (weapon)
Missiles
 g - 5 poisoned darts (quivered)
 p - 2 boomerangs
Armour
 b - a +0 scale mail (worn)
 c - a +0 buckler (worn)
 h - a +0 pair of gloves (worn)
Jewellery
 x - a ring of poison resistance
Wands
 u - a wand of mindburst (5)
Scrolls
 j - 6 scrolls of identify {unknown}
 k - 2 scrolls of silence {unknown}
 l - 2 scrolls of fog {unknown}
 m - a scroll of poison {unknown}
 o - a scroll of acquirement {unknown}
 q - a scroll of enchant armour {unknown}
 v - a scroll of blinking {unknown}
 w - a scroll of butterflies {unknown}
Potions
 e - 2 potions of degeneration {unknown}
 f - 2 potions of haste {unknown}
 i - a potion of lignification {unknown}
 n - a potion of ambrosia {unknown}
 r - a potion of brilliance {unknown}
 s - a potion of heal wounds {unknown}
 t - 2 potions of curing {unknown}


   Skills:
 + Level 4.7 Fighting
 * Level 5.5 Axes
 + Level 1.7 Throwing
 - Level 3.2 Armour
 - Level 3.2 Shields
 + Level 0.7 Spellcasting
 * Level 1.1 Transmutations


You had 3 spell levels left.
You knew the following spells:

 Your Spells              Type           Power      Damage    Failure   Level
a - Wereblood             Tmut           2%         N/A       80%         2

Your spell library contained the following spells:

 Spells                   Type           Power      Damage    Failure   Level
 Sublimation of Blood     Necr           0%         N/A       91%         2
 Hailstorm                Conj/Ice       0%         3d3       99%         3
 Ice Form                 Ice/Tmut       1%         N/A       100%        4
 Summon Hydra             Summ           0%         N/A       100%        7
 Simulacrum               Ice/Necr       Unusable   N/A       N/A         6

Dungeon Overview and Level Annotations

Branches:
Dungeon (4/15)
 Temple: D:4-7

Altars:
Gozag

Annotations:
D:4 Dowan


Message History

You hit the hobgoblin.
The hobgoblin is moderately wounded.
The hobgoblin hits you.
You slash the hobgoblin!
You kill the hobgoblin!
The goblin hits you but does no damage.
You closely miss the goblin.
Dowan casts a spell.
Dowan blinks!
The goblin hits you with a +0 dagger.
You miss the goblin. The goblin hits you with a +0 dagger.
You closely miss the goblin. You block the goblin's attack.
The goblin hits you but does no damage.
You slash the goblin!
You kill the goblin!
Dowan hits you but does no damage.
You closely miss Dowan. Dowan closely misses you.
Dowan hits you with a +0 dagger.
You hit Dowan.
Dowan is lightly wounded.
You block Dowan's attack.
Dowan breathes, "And she was my only..."
Dowan hits you but does no damage.
You barely miss Dowan.
Dowan is lightly wounded.
Dowan gestures at you while chanting. You block the shard of ice.
Dowan barely misses you.
You hit Dowan.
Dowan is lightly wounded.
Dowan hits you with a +0 dagger.
You barely miss Dowan.
Dowan is lightly wounded.
Dowan points at you and mumbles some strange words.
The shard of ice hits you!!
Ouch! That really hurt!
* * * LOW HITPOINT WARNING * * *
Dowan breathes, "And she was my only..."
Dowan gestures at you while chanting. The shard of ice hits you!!
You die...
Your body crumbles into a pile of gold.

#.# ##########
#.# #........#
###.####
#.######.#
#....... #.#
####.####.#.###.
#.#
#.e...g.g....#
#.#
#.##.####.....#
#<###.##.#
##...##
#$$@eg...# ##.##
#####.#### #.#
#.# .# #.# +#
#.# #.# #.# ...


You could see Dowan (fast) and a goblin.

Vanquished Creatures
  Duvessa (D:4)
  Robin (D:4)
  2 adders
  An ufetubus (D:3)
  4 dart slugs (D:1)
  An orc (D:2)
  9 ball pythons
  2 endoplasms (D:1)
  4 giant cockroaches
  8 goblins
  9 hobgoblins
  4 jackals (D:2)
  8 kobolds
  5 quokkas
  4 bats
  4 frilled lizards
  7 rats
74 creatures vanquished.

Notes
Turn   | Place    | Note
-------+----------+-------------------------------------------
     0 | D:1      | DeathSun the Hill Orc Fighter began the quest for the Orb.
     0 | D:1      | Reached XP level 1. HP: 19/19 MP: 1/1
    23 | D:1      | Reached skill level 3 in Axes
    31 | D:1      | Reached XP level 2. HP: 20/27 MP: 2/2
   274 | D:1      | Reached XP level 3. HP: 33/33 MP: 3/3
   279 | D:1      | Reached skill level 4 in Axes
   846 | D:2      | Identified the +1 dagger of Destruction {drain, rC- Int+4
                  | Dex+5}
   890 | D:2      | Reached skill level 1 in Throwing
   910 | D:2      | Reached XP level 4. HP: 40/40 MP: 4/4
  1430 | D:3      | Learned a level 2 spell: Wereblood
  1476 | D:3      | Found a faded altar of an unknown god.
  1487 | D:3      | Prayed at the altar of an unknown god.
  1487 | D:3      | Became a worshipper of Gozag Ym Sagoz the Greedy
  2033 | D:4      | Noticed Duvessa
  2033 | D:4      | Noticed Dowan
  2035 | D:4      | Noticed Robin
  2070 | D:4      | Killed Duvessa
  2071 | D:4      | Reached skill level 5 in Axes
  2071 | D:4      | Reached skill level 1 in Transmutations
  2071 | D:4      | Reached XP level 5. HP: 4/47 MP: 4/6
  2241 | D:4      | Killed Robin
  2256 | D:4      | Killed from afar by Dowan

Illustrated notes

Levels and vault maps discovered:
D:1:      dpeg_arrival_rooms_b, layout_basic
D:2:      layout_rooms
D:3:      layout_basic, nicolae_ecumenical_lake_church, minmay_misc_feat_x,
          minmay_cut_off
D:4:      layout_loops_corners, nicolae_ru_awakened_eye,
          kennysheep_generic_room_14, uniq_duvessa, uniq_menkaure, uniq_robin,
          uniq_eustachio

Skill      XL: |  1  2  3  4 |
---------------+-------------+-----
Axes           | 3 4 5 |  5.5
Fighting       | 4 |  4.7
Throwing       | 1 |  1.7
Transmutations | 1 |  1.1
Armour         | |  3.2
Shields        | |  3.2
Spellcasting   | |  0.7

Action                     |  1- 3 |  4- 6 || total
---------------------------+-------+-------++-------
  Melee: War axe           |    96 |   119 ||   215
    Use: Potion            |       |     1 ||     1
 Armour: Scale mail        |    46 |    60 ||   106
  Dodge: Dodged            |    41 |    70 ||   111
  Block: Buckler           |    25 |    29 ||    54

Table legend: (Time is in decaauts)
 A = Elapsed time spent in this place.
 B = Non-inter-level travel time spent in this place.
 C = Inter-level travel time spent in this place.
 D = Time resting spent in this place.
 E = Time spent auto-exploring this place.
 F = Levels seen in this place.
 G = Mean time per level.
                   A        B        C        D        E       F      G
               +--------+--------+--------+--------+--------+-----+--------+
         Total |   2327 |   2288 |     39 |      0 |   1724 |   4 |  581.8 |
       Dungeon |   2327 |   2288 |     39 |      0 |   1724 |   4 |  581.8 |
               +--------+--------+--------+--------+--------+-----+--------+

Top non-repeatable levels by time:
     D:3: 926 daAuts
     D:1: 834 daAuts
     D:2: 466 daAuts
     D:4: 99 daAuts
